 Dungeon Sprint DCSS version 0.29.1-2-gbd0b4ee654 (webtiles) character file.

Game seed: 240539502544797507

20926 Groucho the Severer (level 12, -8/129 HPs)
             Began as a Naga Fighter on Oct 24, 2022.
             Was the Champion of Cheibriados.
             Mangled by an orc knight
             ... wielding a +0 great mace
              (9 damage)
             ... in the Dungeon (Sprint VII: "The Pits").
             The game lasted 00:10:36 (6534 turns).

Groucho the Severer (Naga Fighter)                  Turns: 6534, Time: 00:10:37

Health: -8/129     AC: 19    Str: 33    XL:     12   Next: 84%
Magic:  18/23      EV: 12    Int: 31    God:    Cheibriados [******]
Gold:   49         SH: 10    Dex: 30    Spells: 25/25 levels left

rFire   . . .      SeeInvis +   r - +1 broad axe (freeze)
rCold   . . .      Faith    .   c - +0 buckler
rNeg    . . .      Spirit   .   a - +4 chain mail
rPois   +          Reflect  .   (no helmet)
rElec   .          Harm     .   b - +0 cloak
rCorr   .          Rampage  .   y - +0 pair of gloves
Will    +....      NoTele   +   (no barding)
Stlth   ..........              (no amulet)
HPRegen 0.31/turn               l - +3 ring of dexterity
MPRegen 0.18/turn               o - +3 ring of intelligence

@: very slow
A: AC +4, large, see invisible, deformed body, poison resistance, slowness 2,
spit poison 1, naga tail 1
a: Spit Poison, Renounce Religion, Bend Time, Temporal Distortion, Slouch, Step
From Time


You were in the Dungeon.
You worshipped Cheibriados.
Cheibriados was exalted by your worship.
You visited 1 branch You collected 49 gold pieces.

Inventory:

Hand Weapons
 r - a +1 broad axe of freezing (weapon)
 s - a +2 vorpal morningstar
Missiles
 k - 8 stones (quivered)
 x - 3 poisoned darts
Armour
 a - a +4 chain mail (worn)
 b - a +0 cloak (worn)
 c - a +0 buckler (worn)
 y - a +0 pair of gloves (worn)
Jewellery
 l - a +3 ring of dexterity (left hand)
 o - a +3 ring of intelligence (right hand)
Wands
 w - a wand of flame (14)
 z - a wand of light (9)
Scrolls
 j - a scroll of magic mapping
 n - 3 scrolls of identify
 t - 6 scrolls of enchant armour
 u - 2 scrolls of enchant weapon
 v - a scroll of blinking
Potions
 d - 4 potions of might
 e - 2 potions of resistance
 f - a potion of invisibility
 g - 3 potions of haste
 h - 3 potions of magic
 i - 5 potions of berserk rage
 m - 8 potions of curing
 p - 3 potions of brilliance


   Skills:
 + Level 14.8 Fighting
 * Level 15.1 Axes
 + Level 12.3 Armour
 * Level 5.5 Dodging
 + Level 13.3 Shields
 * Level 7.0 Spellcasting
 + Level 14.7 Invocations


You had 25 spell levels left.
You didn't know any spells.
Your spell library was empty.

Dungeon Overview and Level Annotations

Branches:
Dungeon (1/1)

Altars:
Ashenzari
Cheibriados
Dithmenos
Elyvilon
Fedhas
Gozag
Hepliaklqana
Kikubaaqudgha
Makhleb
Nemelex Xobeh
Okawaru
Qazlal
Ru
Sif Muna
Trog
Uskayaw
Vehumet
Wu Jian
Xom
Yredelemnul
Zin
The Shining One
Jiyva
Lugonu


Innate Abilities, Weirdness & Mutations

Your serpentine skin is tough. (AC +4)
You have supernaturally acute eyesight. (SInv)
Armour fits poorly on your strangely shaped body.
Your system is resistant to poisons. (rPois)
You cover ground very slowly.
You can spit poison.
You have a snake-like lower body.


Message History

The orc warlord freezes you!
An orc knight comes into view. It is wielding a +0 great mace.
Unknown command.
You don't have enough magic at the moment.
Unknown command.
You feel much better.
The orc knight shouts!
The orc warlord hits you with a +3 antimagic war axe!!!
* * * LOW HITPOINT WARNING * * *
You feel your power leaking away. You block the orc warlord's attack.
Blink to where?
Press: ? - help, Dir - move target
As you read the scroll of blinking, it crumbles to dust.
You feel better.
You feel better.
You don't have enough magic at the moment.
Unknown command.
Magic courses through your body.
Activating: Slouch (0% risk of failure)
Press: ? - help, Dir - look around, f - activate You can feel time thicken for a moment.
You kill the orc warlord!
Cheibriados thoroughly appreciates the change of pace.
You kill the orc warlord!
Cheibriados thoroughly appreciates the change of pace.
Your Axes skill increases to level 15!
Your Dodging skill increases to level 5!
Your Spellcasting skill increases to level 7!
Unknown command.
Unknown command.
Unknown command.
You are too injured to fight recklessly!
Unknown command.
Unknown command.
The orc knight misses you.
The orc knight hits you with a +0 great mace!!!
* * * LOW HITPOINT WARNING * * *
The orc knight hits you with a +0 great mace!
You die...

#++##########################
#..............).............
#...........@o)..............
#..##############''##########
#..# #..o).)..# #..#
#........# #..# ####))####
#..# )o.. #..# .)... #รท.#
..... #####..# ##..###


You could see an orc knight (strong).

Vanquished Creatures
  A death cob (D)
  2 orc warlords (D)
  A draconian shifter (D)
  A vampire knight (D)
  A hydra (D)
  A boulder beetle (D)
  An alligator snapping turtle (D)
  A two-headed ogre (D)
  A merfolk avatar (D)
  A death yak (D)
  Nergalle (D)
  A shadow wraith (D)
  A lindwurm (D)
  2 phantasmal warriors (D)
  2 deep elf pyromancers (D)
  8 orc knights (D)
  A black mamba (D)
  A molten gargoyle (D)
  Psyche (D)
  An efreet (D)
  An ice devil (D)
  2 hornets (D)
  A polar bear (D)
  A tarantella (D)
  A troll (D)
  Prince Ribbit (D)
  A snapping turtle (D)
  A shadow (D)
  A flying skull (D)
  A spriggan (D)
  A wraith (D)
  4 redbacks (D)
  4 vampire mosquitoes (D)
  Menkaure (D)
  A warg (D)
  A floating eye (D)
  An orc warrior (D)
  2 ice beasts (D)
  2 black bears (D)
  2 sky beasts (D)
  A small abomination (D)
  An ogre (D)
  A kobold brigand (D)
  A necrophage (D)
  2 scorpions (D)
  3 killer bees (D)
  2 gnoll boudas (D)
  3 orc priests (D)
  A jelly (D)
  Crazy Yiuf (D)
  2 hell rats (D)
  4 orc wizards (D)
  An iguana (D)
  7 gnolls (D)
  A river rat (D)
  An adder (D)
  A white imp (D)
  An ufetubus (D)
  A worm (D)
  7 orcs (D)
  A ball python (D)
  A bat zombie (D)
  A hobgoblin (D)
  7 jackals (D)
  A kobold (D)
  A quokka (D)
  A ball python zombie (D)
  A frilled lizard (D)
116 creatures vanquished.

Notes
Turn   | Place    | Note
-------+----------+-------------------------------------------
     0 | D        | Groucho the Naga Fighter began the quest for the Orb.
     0 | D        | Reached XP level 1. HP: 21/21 MP: 1/1
     8 | D        | Noticed a scorpion
    16 | D        | HP: 1/21 [scorpion (6)]
    22 | D        | Killed a scorpion
    23 | D        | Reached skill level 4 in Axes
    23 | D        | Reached XP level 2. HP: 19/31 MP: 2/2
    23 | D        | Reached XP level 3. HP: 23/37 MP: 3/3
    23 | D        | Reached XP level 4. HP: 28/45 MP: 4/4
   363 | D        | Found a bloodstained altar of Trog.
   363 | D        | Found a shimmering blue altar of Sif Muna.
   363 | D        | Found a viscous altar of Jiyva.
   363 | D        | Found a hazy altar of Hepliaklqana.
   363 | D        | Found an opulent altar of Gozag.
   364 | D        | Found a glowing golden altar of the Shining One.
   364 | D        | Found a glowing silver altar of Zin.
   364 | D        | Found a basalt altar of Yredelemnul.
   364 | D        | Found a shimmering altar of Xom.
   364 | D        | Found an ornate altar of the Wu Jian Council.
   364 | D        | Found a sacrificial altar of Ru.
   364 | D        | Found a stormy altar of Qazlal.
   364 | D        | Found an iron altar of Okawaru.
   364 | D        | Found a sparkling altar of Nemelex Xobeh.
   364 | D        | Found a burning altar of Makhleb.
   364 | D        | Found a blossoming altar of Fedhas.
   364 | D        | Found a white marble altar of Elyvilon.
   364 | D        | Found a shadowy altar of Dithmenos.
   364 | D        | Found a snail-covered altar of Cheibriados.
   366 | D        | Found a radiant altar of Vehumet.
   366 | D        | Found a corrupted altar of Lugonu.
   367 | D        | Found a hide-covered altar of Uskayaw.
   367 | D        | Found an ancient bone altar of Kikubaaqudgha.
   367 | D        | Found a broken altar of Ashenzari.
   375 | D        | Became a worshipper of Cheibriados the Contemplative
   396 | D        | Reached * piety under Cheibriados
   638 | D        | Reached ** piety under Cheibriados
   649 | D        | Reached skill level 5 in Fighting
   649 | D        | Reached skill level 1 in Invocations
  1061 | D        | Noticed a floating eye
  1066 | D        | Paralysed by a floating eye for 2 turns
  1069 | D        | Killed a floating eye
  1069 | D        | Reached *** piety under Cheibriados
  1070 | D        | Reached skill level 5 in Axes
  1070 | D        | Reached skill level 5 in Shields
  1070 | D        | Reached XP level 5. HP: 52/55 MP: 4/7
  1103 | D        | Reached **** piety under Cheibriados
  1104 | D        | Reached skill level 5 in Armour
  1174 | D        | Noticed a sky beast
  1174 | D        | Noticed an ogre
  1174 | D        | Noticed a sky beast
  1175 | D        | Noticed an ice beast
  1176 | D        | Reached ***** piety under Cheibriados
  1177 | D        | Reached skill level 6 in Axes
  1177 | D        | Reached XP level 6. HP: 63/63 MP: 2/9
  1177 | D        | Killed a sky beast
  1178 | D        | Reached skill level 5 in Invocations
  1179 | D        | Reached XP level 7. HP: 72/72 MP: 2/11
  1181 | D        | Reached skill level 7 in Axes
  1477 | D        | Reached ****** piety under Cheibriados
  1816 | D        | Noticed a tarantella
  1820 | D        | Killed a tarantella
  1821 | D        | Reached skill level 8 in Axes
  1821 | D        | Reached XP level 8. HP: 68/82 MP: 13/13
  1822 | D        | Noticed Crazy Yiuf
  1822 | D        | Noticed Menkaure
  1822 | D        | Noticed Prince Ribbit
  1824 | D        | Killed Prince Ribbit
  1824 | D        | Killed Menkaure
  1824 | D        | Killed Crazy Yiuf
  2052 | D        | Noticed a death yak
  2071 | D        | Killed a death yak
  2072 | D        | Reached skill level 9 in Axes
  2072 | D        | Reached XP level 9. HP: 58/93 MP: 4/15
  2419 | D        | Noticed a phantasmal warrior
  2419 | D        | Noticed a polar bear
  2422 | D        | Killed a polar bear
  2422 | D        | Killed a phantasmal warrior
  2423 | D        | Reached skill level 10 in Fighting
  2423 | D        | Reached skill level 10 in Axes
  2675 | D        | Noticed a hornet
  2675 | D        | Noticed a purple draconian shifter
  2677 | D        | Killed a hornet
  2678 | D        | Reached skill level 10 in Invocations
  2679 | D        | Killed a purple draconian shifter
  2680 | D        | Reached skill level 10 in Shields
  2680 | D        | Reached XP level 10. HP: 56/104 MP: 1/18
  3176 | D        | Reached skill level 11 in Axes
  3662 | D        | Noticed a deep elf pyromancer
  3689 | D        | Killed a deep elf pyromancer
  3690 | D        | Reached skill level 10 in Armour
  3782 | D        | Noticed a black mamba
  3789 | D        | Killed a black mamba
  3806 | D        | Noticed a molten gargoyle
  3812 | D        | Killed a molten gargoyle
  3813 | D        | Reached skill level 12 in Axes
  3873 | D        | Noticed Psyche
  3882 | D        | Reached XP level 11. HP: 59/114 MP: 20/20
  3882 | D        | Killed Psyche
  3901 | D        | Noticed a two-headed ogre
  3914 | D        | Killed a two-headed ogre
  3958 | D        | Noticed a seven-headed hydra
  3974 | D        | Killed a seven-headed hydra
  4452 | D        | Noticed a shadow wraith
  4452 | D        | Noticed a vampire knight
  4452 | D        | Noticed a boulder beetle
  4454 | D        | Killed a shadow wraith
  4455 | D        | Killed a boulder beetle
  4456 | D        | Reached skill level 13 in Axes
  4458 | D        | Killed a vampire knight
  5047 | D        | Noticed a phantasmal warrior
  5057 | D        | Killed a phantasmal warrior
  5058 | D        | Reached skill level 1 in Spellcasting
  5379 | D        | Noticed a deep elf pyromancer
  5379 | D        | Noticed a merfolk avatar
  5381 | D        | Killed a deep elf pyromancer
  5382 | D        | Reached skill level 1 in Dodging
  5382 | D        | Killed a merfolk avatar
  5781 | D        | Noticed an alligator snapping turtle
  5795 | D        | Killed an alligator snapping turtle
  5796 | D        | Reached XP level 12. HP: 55/127 MP: 20/22
  6258 | D        | Noticed a death cob
  6259 | D        | Killed a death cob
  6260 | D        | Reached skill level 14 in Axes
  6522 | D        | Noticed an orc warlord
  6522 | D        | Noticed an orc warlord
  6522 | D        | Noticed Nergalle
  6525 | D        | Killed Nergalle
  6532 | D        | Killed an orc warlord
  6532 | D        | Killed an orc warlord
  6533 | D        | Reached skill level 15 in Axes
  6533 | D        | Reached skill level 5 in Dodging
  6534 | D        | HP: 1/129 [orc knight/+0 great mace (39)]
  6534 | D        | Mangled by an orc knight

Illustrated notes

Levels and vault maps discovered:
D:        pitsprint [storerooms_1, entrance_room_1, metal_vault_1, armoury_2,
          mini_pit_1, grid_room_1, main_hall_1, silver_pit, the_coven_1,
          the_vestibule_1, steel_vault_4, golden_pit, hallway_of_sentries,
          crystal_vault_6, iron_vault_5, final_vault]

Skill      XL: |  1  2  3  4  5  6  7  8  9 10 11 12 |
---------------+-------------------------------------+-----
Fighting       | 4 6 7 8 9 11 12 13 14 | 14.8
Axes           | 4 5 6 8 9 10 12 13 15 | 15.1
Armour         | 3 4 5 6 7 8 9 10 11 12 | 12.3
Shields        | 4 5 6 7 8 10 11 12 13 | 13.3
Invocations    | 3 4 5 7 9 10 12 13 14 | 14.7
Spellcasting   | 3 7 |  7.0
Dodging        | 1 5 |  5.5

Action                   |  1- 3 |  4- 6 |  7- 9 | 10-12 || total
-------------------------+-------+-------+-------+-------++-------
Melee: War axe           |    11 |       |       |       ||    11
       Hand axe          |       |    23 |    33 |       ||    56
       Broad axe         |       |       |     1 |    80 ||    81
       Morningstar       |       |       |       |     4 ||     4
Throw: Stone             |       |       |       |     2 ||     2
Invok: Slouch            |       |     1 |     8 |    28 ||    37
 Abil: Spit Poison       |       |       |       |     2 ||     2
  Use: Potion            |     2 |       |     6 |     7 ||    15
       Scroll            |       |       |       |     2 ||     2
 Stab: Invisible         |       |       |     3 |       ||     3
Armor: Scale mail        |     5 |    11 |       |       ||    16
       Ring mail         |       |       |     9 |       ||     9
       Chain mail        |       |       |     1 |    51 ||    52
Dodge: Dodged            |     6 |    13 |    13 |    46 ||    78
Block: Buckler           |     2 |     9 |    15 |    56 ||    82
